 Dungeon Crawl Stone Soup version 0.28.0 (webtiles) character file.

Game seed: 11997691363961088702

534 dolemite99 the Cudgeller (level 7, -2/52 HPs)
             Began as a Demonspawn Monk on Feb 14, 2022.
             Was an Elder of Dithmenos.
             Slain by an ogre (20 damage)
             ... on level 4 of the Dungeon.
             The game lasted 00:05:03 (4418 turns).

dolemite99 the Cudgeller (Demonspawn Monk)          Turns: 4418, Time: 00:05:04

Health: -2/52      AC: 12    Str: 13    XL:     7   Next: 4%
Magic:  7/7        EV:  9    Int: 11    God:    Dithmenos [****..]
Gold:   155        SH:  7    Dex: 16    Spells: 6/6 levels left

rFire   . . .      SeeInvis .   b - +2 whip (venom)
rCold   . . .      Faith    .   r - +0 buckler
rNeg    . . .      Spirit   .   f - +0 chain mail
rPois   .          Reflect  .   (helmet restricted)
rElec   .          Harm     .   (no cloak)
rCorr   .          Rampage  .   n - +1 pair of gloves
Will    .....                   (no boots)
Stlth   ..........              (no amulet)
HPRegen 0.17/turn               o - +4 ring of evasion
MPRegen 0.10/turn               (no ring)

@: wreathed by umbra
A: antennae 2, thin metallic scales 1, condensation shield
a: Renounce Religion, Shadow Step


You were on level 4 of the Dungeon.
You worshipped Dithmenos.
Dithmenos was greatly pleased with you.
You visited 1 branch of the dungeon, and saw 4 of its levels.
You also visited: Ossuary.

You collected 155 gold pieces.

Inventory:

Hand Weapons
 a - a +0 spear
 b - a +2 whip of venom (weapon)
 c - a +0 hunting sling
Missiles
 e - 73 bolts
 h - 127 stones (quivered)
 j - 117 arrows
 p - 29 sling bullets
 t - 4 javelins
Armour
 f - a +0 chain mail (worn)
 g - a +0 robe
 n - a +1 pair of gloves (worn)
 r - a +0 buckler (worn)
Magical Staves
 k - a staff of fire
Jewellery
 m - an amulet of regeneration
 o - a +4 ring of evasion (left hand)
 q - an amulet of guardian spirit
Scrolls
 i - a scroll of fear {unknown}
 s - a scroll of amnesia {unknown}
 v - a scroll of identify {@r1}
Potions
 d - a potion of curing {unknown}
 l - 2 potions of degeneration
 u - a potion of flight


   Skills:
 - Level 3.0 Fighting
 + Level 6.5 Maces & Flails
 - Level 3.0 Polearms
 - Level 2.6 Dodging
 - Level 1.7 Stealth


You had 6 spell levels left.
You didn't know any spells.
Your spell library contained the following spells:

 Spells                   Type           Power      Damage    Failure   Level
 Ensorcelled Hibernation  Hex/Ice        0%         N/A       100%        2
 Passwall                 Tmut/Erth      0%         N/A       100%        2
 Sublimation of Blood     Necr           0%         N/A       100%        2
 Wereblood                Tmut           0%         N/A       100%        2
 Frozen Ramparts          Ice            0%         1d2       100%        3
 Swiftness                Air            0%         N/A       100%        3
 Ice Form                 Ice/Tmut       0%         N/A       100%        4
 Summon Ice Beast         Ice/Summ       0%         N/A       100%        4
 Summon Hydra             Summ           0%         N/A       100%        7


Dungeon Overview and Level Annotations

Branches:
Dungeon (4/15)             Temple (0/1) D:4         Ossuary (visited)

Altars:
Dithmenos
Gozag
Uskayaw

Shops:
D:3 =

Annotations:
D:3 1 transporter, HallandMoats's ghost, amateur GrFi


Innate Abilities, Weirdness & Mutations

You have a pair of antennae on your head.
You are partially covered in thin metallic scales. (AC +2)
A meltable shield of frost defends you. (SH +4)


Message History

The adder is almost dead.
Your shadow barely misses the adder.
The adder bites you.
You are poisoned.
The adder poisons you!
You hit the adder.
The adder is poisoned.
The adder is almost dead.
You feel sick. The adder bites you but does no damage.
You completely miss the adder.
The adder is almost dead.
Your shadow hits the adder with a whip.
You kill the adder!
Dithmenos accepts your kill.
You hit the ogre.
The ogre is poisoned.
The ogre is lightly wounded.
You feel sick.
The ogre hits you with a +0 giant club!!
Ouch! That really hurt!
You emit a cloud of dark smoke.
You are too injured to fight recklessly!
You barely miss the ogre.
The ogre is lightly wounded.
You feel sick.
You hit the ogre.
The ogre is lightly wounded.
Your shadow hits the ogre with a whip.
You feel sick. The ogre barely misses you.
You barely miss the ogre.
The ogre is moderately wounded.
You feel sick.
You are no longer poisoned.
The ogre barely misses you.
You hit the ogre.
The ogre is heavily wounded.
You hit the ogre.
The ogre looks as sick as possible!
The ogre is severely wounded.
You block the ogre's attack.
You hit the ogre but do no damage.
The ogre looks as sick as possible!
The ogre is severely wounded.
The ogre hits you with a +0 giant club!!
You die...

#<..* *,,,,,,,,*
******##>..#####*******,,,,,,,,*
,,,,,,,...?....,,,,,,,,,,,,,,,,*
***,,####.._..####..****,,,.#***
,,,,,..............$,,,,,,*.#
*********,*#..####*********.#
,,,,,,,,,,*##..§§# *.#
*********,**####O# ###.# *
*,,,,**#@########...# *
****,,,#§§§....##.#.#####
***#>#§§§.............#
*,,#.##.......#.....#..
*,,....####..##.....#*,
**#.........##..#.#..#*
##.....#.##..##.##..#
##.##.#....##...*#(.
#.*#.........>..,..


You could see an ogre (extremely poisoned).

Vanquished Creatures
  2 ogres
  An elf zombie (Ossuary)
  A human zombie (Ossuary)
  A hound (D:4)
  Natasha (twice) (D:4)
  An orc wizard (D:3)
  A howler monkey skeleton (D:4)
  5 adders
  An adder skeleton (D:4)
  2 worms
  3 dart slugs
  6 orcs (D:3)
  5 bats
  9 endoplasms
  6 goblins
  4 hobgoblins
  8 jackals
  A quokka (D:3)
  6 ball pythons
  5 frilled lizards
  6 hobgoblin zombies (Ossuary)
  A jackal zombie (D:4)
  7 kobolds
  9 kobold zombies (Ossuary)
  8 orc zombies (Ossuary)
  3 rats
  A rat zombie (Ossuary)
105 creatures vanquished.

Notes
Turn   | Place    | Note
-------+----------+-------------------------------------------
     0 | D:1      | dolemite99 the Demonspawn Monk began the quest for the Orb.
     0 | D:1      | Reached XP level 1. HP: 18/18 MP: 1/1
   297 | D:1      | Noticed a floating eye
   302 | D:1      | Noticed a great orb of eyes
   304 | D:1      | Found a faded altar of an unknown god.
   305 | D:1      | Noticed a golden eye
   305 | D:1      | Noticed a floating eye
   310 | D:1      | Prayed at the altar of an unknown god.
   310 | D:1      | Became a worshipper of Dithmenos the Shadowed
   310 | D:1      | Reached * piety under Dithmenos
   310 | D:1      | Reached ** piety under Dithmenos
   557 | D:1      | Gained mutation: You have a pair of small antennae on your
                  | head. [demonic ancestry]
   557 | D:1      | Reached XP level 2. HP: 23/24 MP: 2/2
   615 | D:1      | Reached skill level 1 in Maces & Flails
   902 | D:1      | Reached *** piety under Dithmenos
  1398 | D:2      | Reached skill level 2 in Maces & Flails
  1491 | D:2      | Gained mutation: You have a pair of antennae on your head.
                  | [demonic ancestry]
  1491 | D:2      | Reached XP level 3. HP: 29/29 MP: 3/3
  1861 | D:3      | Found Guskuapt's Jewellery Shop.
  2161 | D:3      | Reached skill level 3 in Maces & Flails
  2170 | D:3      | Gained mutation: A meltable shield of frost defends you.
                  | (SH +4) [demonic ancestry]
  2170 | D:3      | Reached XP level 4. HP: 8/35 MP: 4/4
  2173 | D:3      | Reached **** piety under Dithmenos
  2642 | D:3      | Noticed an ogre
  2642 | D:3      | Noticed HallandMoats's ghost (amateur GrFi)
  2644 | D:3      | Noticed an ogre
  2674 | D:3      | Found a transporter.
  3015 | D:4      | Found a hide-covered altar of Uskayaw.
  3054 | D:4      | Noticed an ogre
  3067 | D:3      | Killed an ogre
  3068 | D:3      | Reached skill level 4 in Maces & Flails
  3068 | D:3      | Gained mutation: You are partially covered in thin metallic
                  | scales. (AC +2) [demonic ancestry]
  3068 | D:3      | Reached XP level 5. HP: 40/41 MP: 5/5
  3216 | D:4      | Noticed an ogre
  3224 | D:4      | Killed an ogre
  3225 | D:4      | Reached skill level 5 in Maces & Flails
  3225 | D:4      | Reached XP level 6. HP: 10/47 MP: 6/6
  3289 | D:4      | Found an opulent altar of Gozag.
  3474 | D:4      | Found a staircase to the Ecumenical Temple.
  3515 | D:4      | Found a sand-covered staircase.
  3561 | Ossuary  | Entered an ossuary
  3866 | Ossuary  | Reached skill level 6 in Maces & Flails
  4073 | D:4      | Noticed Natasha
  4104 | D:4      | Killed Natasha
  4303 | D:4      | Noticed Natasha
  4316 | D:4      | Killed Natasha
  4317 | D:4      | Reached XP level 7. HP: 51/52 MP: 7/7
  4418 | D:4      | Slain by an ogre

Illustrated notes

Levels and vault maps discovered:
D:1:      minmay_arrival_loop, layout_loops_corners,
          hellmonk_ecumenical_altar_watching_god
D:2:      layout_loops_ring, minmay_ruptured
D:3:      layout_basic, serial_shops, shop, gammafunk_ghost_smash,
          nicolae_figureground_pulse
D:4:      layout_rooms, nicolae_gozag_cash_rules_everything_around_me,
          mainiacjoe_overflow_boulevard, minmay_temple_entry_waves,
          enter_ossuary_3, kennysheep_generic_room_16, uniq_natasha

Skill      XL: |  1  2  3  4  5  6 |
---------------+-------------------+-----
Polearms       | 3 |  3.0
Maces & Flails | 2 3 4 5 6 |  6.5
Fighting       | |  3.0
Dodging        | |  2.6
Stealth        | |  1.7

Action                   |  1- 3 |  4- 6 |  7- 9 || total
-------------------------+-------+-------+-------++-------
Melee: Spear             |    34 |       |       ||    34
       Whip              |   116 |   264 |    10 ||   390
       Punch             |     1 |     3 |       ||     4
Throw: Stone             |    29 |    21 |       ||    50
  Use: Scroll            |       |     5 |       ||     5
       Potion            |       |     1 |       ||     1
Armor: Chain mail        |    64 |    70 |     3 ||   137
       Robe              |     3 |       |       ||     3
Dodge: Dodged            |    70 |   108 |     5 ||   183
Block: Other             |       |    26 |       ||    26
       Buckler           |       |     9 |     2 ||    11
